[Event "*** Titled Tuesday Blitz"]
[Site "Chess.com"]
[Date "2018.07.03"]
[Round "3"]
[White "rekosheten"]
[Black "dreamist"]
[Result "0-1"]
[WhiteElo "2384"]
[BlackElo "2588"]
[TimeControl "180+2"]
[EndTime "13:32:59 PDT"]
[Termination "dreamist won by resignation"]

1. e4 c5 2. Nf3 g6 3. d4 cxd4 4. Nxd4 Bg7 5. Nc3 Nc6 6. Be3 Nf6 7. Bc4 O-O 8. Bb3 d6 9. f3 Bd7 10. Qd2 Rc8 11. h4 h5 12. O-O-O Ne5 13. g4 hxg4 14. h5 Nxh5 15. Bh6 Kh7 16. Bxg7 Kxg7 17. Rxh5 gxh5 18. Qg5+ Ng6 19. Nf5+ Bxf5 20. exf5 e5 21. Qxh5 Qh4 22. fxg4 Qxh5 23. gxh5 Nf4 24. Rxd6 Rcd8 25.
h6+ Kh7 26. Rf6 Rd7 27. Ne4 Ne2+ 0-1

[Event "*** Titled Tuesday Blitz"]
[Site "Chess.com"]
[Date "2018.07.03"]
[Round "3"]
[White "Angry_Serb"]
[Black "Fins0905"]
[Result "0-1"]
[WhiteElo "2499"]
[BlackElo "2595"]
[TimeControl "180+2"]
[EndTime "13:33:01 PDT"]
[Termination "Fins0905 won by resignation"]

1. e4 d5 2. exd5 Qxd5 3. Nf3 Bg4 4. Be2 Nf6 5. d4 e6 6. O-O Be7 7. c4 Qd8 8. h3 Bh5 9. Qb3 Qc8 10. Nc3 O-O 11. Bf4 a6 12. Rac1 Nbd7 13. Rfd1 Rd8 14. Bh2 h6 15. Qc2 c5 16. d5 exd5 17. cxd5 Bg6 18.
Bd3 Bxd3 19. Rxd3 Bf8 20. d6 Qc6 21. Rcd1 Re8 22. R3d2 Re6 23. Ne2 Rae8 24. Nc3 b5 25. Nd5 Nxd5 26. Rxd5 Qxd5 0-1

[Event "*** Titled Tuesday Blitz"]
[Site "Chess.com"]
[Date "2018.07.03"]
[Round "3"]
[White "Muguet7"]
[Black "jeetjain"]
[Result "0-1"]
[WhiteElo "2328"]
[BlackElo "2433"]
[TimeControl "180+2"]
[EndTime "13:33:06 PDT"]
[Termination "jeetjain won by resignation"]

1. d4 d5 2. c4 e6 3. Nf3 Nf6 4.
g3 dxc4 5. Bg2 c5 6. Na3 Nc6 7. Nxc4 cxd4 8. O-O Be7 9. Nfe5 Nxe5 10. Nxe5 O-O 11.
Bf4 Nd5 12. Qxd4 Nxf4 13. Qxf4 Qb6 14. Nc4 Qa6 15. Rfd1 Bf6 16. a3 e5 17. Qe4 Qb5 18.
Rac1 Be6 19. Nd6 Qxb2 20. Nxb7 Rac8 21. Nc5 Qxa3 22. Qc2 Be7 23. Rd3 Qxc5 24. Rc3 Qxc3 25. Qxc3 Rxc3 26. Rxc3 Rc8 0-1

[Event "*** Titled Tuesday Blitz"]
[Site "Chess.com"]
[Date "2018.07.03"]
[Round "3"]
[White "SantoBlue"]
[Black "olksuna"]
[Result "0-1"]
[WhiteElo "2721"]
[BlackElo "2467"]
[TimeControl "180+2"]
[EndTime "13:33:16 PDT"]
[Termination "olksuna won by resignation"]

1. e4 c6 2. Nf3 d5 3. Nc3 Bg4 4. Be2 e6 5. d4 Nd7 6. h3 Bxf3 7. Bxf3 Bb4 8. O-O Ne7 9. a3 Ba5 10. b4 Bc7 11. Re1 O-O 12. e5 Ng6 13. Ne2 f6 14. exf6 Qxf6 15. Ng3 e5 16. Be3 e4 17. Bg4 Nb6 18. c3 Nc4 19. Ra2 Nxe3 20. Rxe3 Bf4 21. Re1 e3 22. Nh1 Rae8 23. Rae2 Qg5 24. Qd3 h5 25. fxe3 hxg4 26. exf4 Nxf4 27. Qd2 Nxe2+ 28. Rxe2 Qxd2 29. Rxd2 gxh3 30. gxh3 Rf3 0-1

[Event "*** Titled Tuesday Blitz"]
[Site "Chess.com"]
[Date "2018.07.03"]
[Round "3"]
[White "gemarin"]
[Black "BillForster"]
[Result "1-0"]
[WhiteElo "1830"]
[BlackElo "1701"]
[TimeControl "180+2"]
[EndTime "13:33:20 PDT"]
[Termination "gemarin won by resignation"]

1. d4 d5 2. c4 c6 3. Nc3 Nf6 4. Nf3 e6 5. cxd5 exd5 6. Bf4 Bf5 7. e3 Bd6 8. Qb3 b6 9. Ne5 O-O 10. Be2 Nfd7 11. Nxc6 Qc7 12. Ne7+ Kh8 13. Bxd6 Qxd6 14. Nxf5 Nc6 15. Nxd6 1-0

[Event "*** Titled Tuesday Blitz"]
[Site "Chess.com"]
[Date "2018.07.03"]
[Round "3"]
[White "dretch"]
[Black "Last7Samurai"]
[Result "1-0"]
[WhiteElo "2763"]
[BlackElo "2603"]
[TimeControl "180+2"]
[EndTime "13:33:51 PDT"]
[Termination "dretch won by resignation"]

1. d4 d5 2. c4 c6 3. Nf3 Nf6 4. Nc3 e6 5. Bg5 dxc4 6. e4 b5 7. e5 h6 8. Bh4 g5 9. Nxg5 hxg5 10. Bxg5 Be7 11. exf6 Bxf6 12. Bxf6 Qxf6 13. a4 Rh4 14. g4 Bb7 15. Bg2 a6 16. Ne4 Qe7 17. Nc5 b4 18.
O-O a5 19. Rc1 Na6 20. Nxb7 Qxb7 21. Rxc4 Rc8 22. Qf3 Nb8 23. h3 Qe7 24. Re1 Kf8 25. Rc5 Qd6 26. Rxa5 Qxd4 27. Ra8 Rh6 28. Qe3 c5 29.
Qxd4 cxd4 30. a5 d3 31. Rd1 e5 32. Rxd3 Ra6 33. Rxa6 Nxa6 34. Rd6 Rc1+ 35. Kh2 Nc5 36.
Rc6 1-0

[Event "*** Titled Tuesday Blitz"]
[Site "Chess.com"]
[Date "2018.07.03"]
[Round "3"]
[White "Mbneu"]
[Black "Arman_Hakemi"]
[Result "1-0"]
[WhiteElo "2236"]
[BlackElo "2283"]
[TimeControl "180+2"]
[EndTime "13:33:53 PDT"]
[Termination "Mbneu won by resignation"]

1. d4 Nf6 2. c4 g6 3. Nc3 Bg7 4. e4 d6 5. f4 O-O 6. Nf3 Na6 7.
e5 Ne8 8. Bd3 c5 9. d5 Bg4 10.
Qe2 e6 11. O-O exd5 12. Nxd5 Nac7 13. Be4 Ne6 14. Qd3 Bxf3 15. Rxf3 dxe5 16. f5 Nd4 17. Rg3 Kh8 18. fxg6 f6 19. gxh7 f5 20. Bg5 fxe4 21. Qxe4 Qd6 22. Be7 Qe6 23. Bxf8 Nf5 24.
Bxg7+ Nexg7 25. Rg5 Nd4 26. Rxe5 Qf6 27. Rf1 Qh6 28.
Ne7 Qxh7 29. Ng6+ Kg8 30. Qd5+ Nge6 31. Rxe6 1-0

[Event "*** Titled Tuesday Blitz"]
[Site "Chess.com"]
[Date "2018.07.03"]
[Round "3"]
[White "MatthewG-p4p"]
[Black "Kurai"]
[Result "1-0"]
[WhiteElo "2687"]
[BlackElo "2450"]
[TimeControl "180+2"]
[EndTime "13:33:54 PDT"]
[Termination "MatthewG-p4p won by resignation"]

1. c4 e6 2. Nf3 d5 3. d4 Nf6 4. Nc3 Be7 5. e3 O-O 6. Bd3 b6 7. O-O Bb7 8. Qe2 c5 9. dxc5 bxc5 10. Rd1 Nbd7 11. b3 Re8 12. Bb2 Nf8 13. Rac1 Rc8 14. cxd5 exd5 15. Bb5 N8d7 16. Qd3 Bd6 17.
Qf5 g6 18. Qg5 d4 19. exd4 Bxf3 20. gxf3 cxd4 21. Rxd4 Re5 22. Qd2 Bc5 23. Rxd7 Nxd7 24. Qxd7 Qxd7 25. Bxd7 Rd8 26. Ne4 1-0

[Event "*** Titled Tuesday Blitz"]
[Site "Chess.com"]
[Date "2018.07.03"]
[Round "3"]
[White "Mikhail_Antipov"]
[Black "jacky72"]
[Result "1-0"]
[WhiteElo "2836"]
[BlackElo "2631"]
[TimeControl "180+2"]
[EndTime "13:33:57 PDT"]
[Termination "Mikhail_Antipov won by checkmate"]

1. e4 e5 2. Nf3 Nc6 3. d4 exd4 4. Nxd4 Nf6 5. Nxc6 bxc6 6. e5 Qe7 7. Qe2 Nd5 8.
g3 a5 9. c4 Nb6 10. b3 Qe6 11. Nd2 a4 12. Bb2 Bb4 13. Bg2 a3 14. Bd4 O-O 15. O-O Ba6 16. f4 f6 17. f5 Qe7 18.
Rae1 Rae8 19. Qf2 c5 20. Ba1 fxe5 21. Rxe5 Qf7 22. Nf3 h6 23. g4 d6 24. Rxe8 Rxe8 25. g5 hxg5 26. Nxg5 Qh5 27. f6 Rf8 28. f7+ Kh8 29. Bxg7+ Kxg7 30. Qf6# 1-0

[Event "*** Titled Tuesday Blitz"]
[Site "Chess.com"]
[Date "2018.07.03"]
[Round "3"]
[White "Bryakin_Mikhail"]
[Black "grandmastergauri"]
[Result "1-0"]
[WhiteElo "2622"]
[BlackElo "2485"]
[TimeControl "180+2"]
[EndTime "13:34:14 PDT"]
[Termination "Bryakin_Mikhail won by resignation"]

1. d4 Nf6 2. c4 e6 3. g3 d5 4. Bg2 Bb4+ 5. Bd2 Bd6 6. Qc2 c6 7. Nc3 Nbd7 8. f4 O-O 9. Nf3 c5 10. cxd5 exd5 11. e3 cxd4 12. exd4 Ne4 13. O-O Nxc3 14.
Bxc3 Nb6 15. Rae1 g6 16. Ne5 Bf5 17. Qb3 Kg7 18. g4 Bxe5 19. dxe5 Bxg4 20. e6+ f6 21. e7 Qc7 22. exf8=Q+ Rxf8 23. Bb4 Rf7 24. Bxd5 Nxd5 25.
Qxd5 Bh3 26. Rf3 Bg4 27. Rfe3 Qb6 28. Bc5 Qxb2 29. Qxf7+ Kxf7 30. Re7+ Kg8 31. Re8+ Kg7 32. Bf8+ 1-0

[Event "*** Titled Tuesday Blitz"]
[Site "Chess.com"]
[Date "2018.07.03"]
[Round "3"]
[White "Godzillator"]
[Black "canwedoit"]
[Result "1-0"]
[WhiteElo "2349"]
[BlackElo "2530"]
[TimeControl "180+2"]
[EndTime "13:34:16 PDT"]
[Termination "Godzillator won by resignation"]

1. d4 d5 2. c4 c6 3. cxd5 cxd5 4. Bf4 Nf6 5. Nc3 Nc6 6. e3 a6 7. Bd3 Bg4 8. Nge2 e6 9. O-O Be7 10. Rc1 O-O 11. a3 Rc8 12. Na4 Nd7 13. b4 b5 14.
Nc5 Nxc5 15. dxc5 e5 16. Bg3 f5 17. f3 Bh5 18. Qb3 Bf7 19. Qb1 g6 20. Rfd1 Qc7 21.
a4 Qb7 22. axb5 axb5 23. Nc3 d4 24. exd4 f4 25. Bf2 Nxd4 26. Bxd4 exd4 27. Nxb5 Rfd8 28.
Qb2 Qd5 29. Bc4 Qf5 30. Bxf7+ Qxf7 31. Nxd4 Bf6 32. Qf2 Qb7 33. Rb1 Rxc5 34. bxc5 Bxd4 35. Rxb7 Bxf2+ 36. Kxf2 Rxd1 37. c6 Rc1 38. c7 Rc2+ 39. Ke1 Kg7 40. c8=Q+ 1-0

[Event "*** Titled Tuesday Blitz"]
[Site "Chess.com"]
[Date "2018.07.03"]
[Round "3"]
[White "GhostOfGreenval"]
[Black "pKiLz5Rn9b"]
[Result "0-1"]
[WhiteElo "2460"]
[BlackElo "2730"]
[TimeControl "180+2"]
[EndTime "13:34:22 PDT"]
[Termination "pKiLz5Rn9b won by resignation"]

1. d4 Nf6 2. c4 e6 3. g3 d5 4. Bg2 Bb4+ 5. Bd2 Be7 6. Nf3 O-O 7. O-O c6 8. Qc2 Ne4 9. Nc3 Nxd2 10. Nxd2 Nd7 11.
e4 dxe4 12. Ndxe4 f5 13. Nd2 e5 14. Nb3 Qc7 15. Rad1 Bf6 16. Rfe1 e4 17. d5 Ne5 18. d6 Qf7 19. c5 Bd7 20. h3 b6 21. Kh1 Kh8 22. Na4 Rab8 23. Nc3 h5 24. Na4 h4 25. g4 fxg4 26. Bxe4 gxh3 27. f4 Ng4 28. Bg6 Qg8 29. Qe2 Nh6 30. Qh5 Bg4 0-1

[Event "*** Titled Tuesday Blitz"]
[Site "Chess.com"]
[Date "2018.07.03"]
[Round "3"]
[White "Swarnapuri"]
[Black "nurmiTV"]
[Result "1-0"]
[WhiteElo "2567"]
[BlackElo "2507"]
[TimeControl "180+2"]
[EndTime "13:34:24 PDT"]
[Termination "Swarnapuri won on time"]

1. d4 Nf6 2. Bf4 d5 3. e3 c5 4. c3 Qb6 5. Qb3 Nc6 6. Nd2 c4 7. Qc2 g6 8. e4 e6 9. Ngf3 Bg7 10. Bd6 Nxe4 11. Nxe4 dxe4 12. Bc5 Qb5 13. Nd2 Qa5 14. Nxc4 Qc7 15. Nd6+ Kd8 16. Qxe4 e5 17. Bc4 Rf8 18. Nxc8 Rxc8 19. Bxf8 Bxf8 20. O-O exd4 21. Rfe1 Qd7 22. Rad1 Bd6 23. Bb5 dxc3 24. bxc3 a6 25. Ba4 b5 26. Bb3 Kc7 27. c4 Qe7 28. c5 Bxc5 29.
Qf4+ 1-0

[Event "*** Titled Tuesday Blitz"]
[Site "Chess.com"]
[Date "2018.07.03"]
[Round "3"]
[White "OparinGrigoriy"]
[Black "EndgameGrinder"]
[Result "1-0"]
[WhiteElo "2890"]
[BlackElo "2457"]
[TimeControl "180+2"]
[EndTime "13:34:28 PDT"]
[Termination "OparinGrigoriy won by resignation"]

1. Nf3 c5 2. c4 Nc6 3. Nc3 g6 4. d4 cxd4 5. Nxd4 Bg7 6. e3 Nf6 7. Be2 Nxd4 8. exd4 d5 9. c5 O-O 10. O-O Bf5 11. b4 Ne4 12. Nxe4 Bxe4 13. Be3 f6 14. Qd2 Qd7 15. b5 e5 16. a4 f5 17. dxe5 Bxe5 18. Bd4 Bxd4 19. Qxd4 f4 20. f3 Bf5 21. Rfd1 Be6 22. Rac1 Rac8 23. a5 Qg7 24. Qxg7+ Kxg7 25. b6 axb6 26. cxb6 Kf6 27. Kf2 Ke5 28. a6 bxa6 29. Bxa6 Rb8 30. b7 Rf7 31. Rc6 Bd7 32. Rc8 Rf8 33. Rxf8 Rxf8 34. Rc1 Kd4 35. Rc8 Bxc8 36. bxc8=Q Rxc8 37. Bxc8 Kc3 38. Ke2 d4 39. Ba6 g5 40.
Bd3 h6 41. Bg6 Kc4 42. Kd2 Kc5 43. Kd3 Kd5 44. Bh7 Ke5 45. Be4 h5 46. h3 g4 47.
fxg4 hxg4 48. hxg4 Kf6 49. Bf3 Kg5 50. Kxd4 1-0

[Event "*** Titled Tuesday Blitz"]
[Site "Chess.com"]
[Date "2018.07.03"]
[Round "3"]
[White "MrRooke6"]
[Black "Vamostodorecto"]
[Result "0-1"]
[WhiteElo "2408"]
[BlackElo "2356"]
[TimeControl "180+2"]
[EndTime "13:34:31 PDT"]
[Termination "Vamostodorecto won by resignation"]

1. d4 d5 2. Nf3 Nf6 3. c4 dxc4 4.
e3 b5 5. a4 b4 6. Bxc4 e6 7.
O-O Bb7 8. a5 a6 9. Nbd2 Nbd7 10. Nb3 Be7 11. Qe2 O-O 12. Bd2 Qb8 13. Rfc1 Rc8 14. Nc5 Nxc5 15. dxc5 Bc6 16. Ne5 Qb7 17. Nxc6 Qxc6 18. Bxb4 Rcb8 19. Ba3 Nd5 20. e4 Nf4 21.
Qe3 e5 22. g3 Qg6 23. Kh1 Nh3 24.
Bd5 c6 25. Bc4 Bg5 26. Qf3 Bxc1 27. Rxc1 Ng5 28. Qf5 Nxe4 29. Bxf7+ Qxf7 30. Qxe4 Qxf2 31. Qxc6 Re8 32. Qd5+ Kh8 33. c6 e4 34. c7 Qf3+ 35. Kg1 Qe3+ 36. Kg2 Qxc1 37. Bd6 e3 0-1

[Event "*** Titled Tuesday Blitz"]
[Site "Chess.com"]
[Date "2018.07.03"]
[Round "3"]
[White "Quiet_Desperation"]
[Black "Makalexa"]
[Result "1-0"]
[WhiteElo "1858"]
[BlackElo "2038"]
[TimeControl "180+2"]
[EndTime "13:34:33 PDT"]
[Termination "Quiet_Desperation won by resignation"]

1. e4 e5 2. Nf3 Nc6 3. Bb5 a6 4. Ba4 Nf6 5. d3 b5 6. Bb3 d5 7.
Qe2 dxe4 8. dxe4 h6 9. h3 Bc5 10. O-O O-O 11. Rd1 Qe8 12. Nbd2 Nd4 13. Nxd4 exd4 14. Re1 Bb7 15. Kh1 Bb6 16. c3 c5 17.
cxd4 c4 18. Bc2 Bxd4 19. e5 Qd7 20. Nf3 Rfe8 21. Rd1 Bxf3 22. Qxf3 Nh7 23. Bxh7+ Kxh7 24. Qe4+ f5 25. Qxd4 Qxd4 26. Rxd4 Rxe5 27. Be3 Rc8 28. Rad1 c3 29. bxc3 Rxc3 30. Rd7 Rc8 31. Bd4 1-0

[Event "*** Titled Tuesday Blitz"]
[Site "Chess.com"]
[Date "2018.07.03"]
[Round "3"]
[White "maheswaran26"]
[Black "cool4chess"]
[Result "0-1"]
[WhiteElo "1952"]
[BlackElo "2053"]
[TimeControl "180+2"]
[EndTime "13:34:39 PDT"]
[Termination "cool4chess won by checkmate"]

1. d4 d5 2. c4 c6 3. Nf3 Nf6 4. Nc3 e6 5. e3 Nbd7 6. Qc2 Bd6 7.
g4 h6 8. Bd2 e5 9. cxd5 cxd5 10.
Nb5 Bb8 11. Rc1 e4 12. Qxc8 exf3 13. Qxb7 Nb6 14. Ba5 Ne4 15. Qxa8 O-O 16. Bxb6 Qxb6 17. Qxd5 Re8 18. Bc4 Qf6 19. Bd3 Nxf2 20. Kxf2 Qh4+ 21. Kf1 Qh3+ 22. Ke1 Qg2 23. Qe4 Rxe4 24. Rc8+ Kh7 25. Bxe4+ g6 26. Bxf3 Qxf3 27. Rf1 Qxe3+ 28. Kd1 Bf4 29.
Nc3 Qd2# 0-1

[Event "*** Titled Tuesday Blitz"]
[Site "Chess.com"]
[Date "2018.07.03"]
[Round "3"]
[White "AsaHoffmann"]
[Black "tgpgoat"]
[Result "1/2-1/2"]
[WhiteElo "1990"]
[BlackElo "1973"]
[TimeControl "180+2"]
[EndTime "13:34:55 PDT"]
[Termination "Game drawn by agreement"]

1. d4 Nf6 2. Bg5 Ne4 3. Bf4 d5 4. f3 Nf6 5. e4 dxe4 6. Nc3 exf3 7. Nxf3 e6 8. Bc4 Bd6 9. Ne5 O-O 10. Qe2 Nc6 11.
O-O-O Nd7 12. Kb1 Qe7 13. Nxc6 bxc6 14. Rhf1 Rb8 15. Ne4 Nb6 16. Bb3 a5 17. Bg5 f6 18.
Bh4 a4 19. Bc4 Nxc4 20. Qxc4 Bd7 21. Nc5 Bxc5 22. Qxc5 Qd6 23. Bg3 Qd5 24. Qxd5 cxd5 25. Bxc7 Rb7 26. Bd6 Rc8 27. Rf3 Be8 28. h3 Bg6 29.
Rd2 Rc6 30. Ba3 Rbc7 31. Rff2 Rb7 32. Kc1 Rbc7 33. c3 Rd7 34. Rde2 Kf7 35. Kd2 Bb1 36.
Bc5 Bxa2 37. g4 Bc4 38. Re1 Rb7 39. Ke3 e5 40. Ra1 Bb3 41. Bb4 e4 42. Ba3 Ke6 43. Rf5 g6 44. Rf4 Kf7 45. Raf1 Kg7 46. h4 Rf7 1/2-1/2

[Event "*** Titled Tuesday Blitz"]
[Site "Chess.com"]
[Date "2018.07.03"]
[Round "3"]
[White "Margency"]
[Black "Micki-taryan"]
[Result "0-1"]
[WhiteElo "2655"]
[BlackElo "2860"]
[TimeControl "180+2"]
[EndTime "13:34:57 PDT"]
[Termination "Micki-taryan won by resignation"]

1. e4 d6 2. d4 e5 3. Nf3 Nd7 4. Bc4 Be7 5. a4 c6 6. O-O Ngf6 7. Nc3 O-O 8. Re1 b6 9. Ba2 a6 10. h3 Bb7 11. d5 c5 12. Bc4 Re8 13. Bf1 g6 14. Nd2 Nh5 15. g3 Nf8 16. Nc4 Bc8 17. Rb1 Bd7 18. Ne3 Rb8 19. b4 cxb4 20. Rxb4 b5 21. axb5 Qa5 22. Rb3 axb5 23. Bd2 b4 24. Nc4 Qa7 25. Ne2 Qc5 26. Ne3 Ba4 27. Rb2 Nf6 28. Bg2 Rb7 29. Qb1 Reb8 30. Nc1 Qc8 31. Bxb4 N8d7 32. c3 Nc5 33. Nc4 Ncxe4 34. Na5 Nxc3 35.
Bxc3 Qxc3 36. Rxb7 Qxe1+ 37. Kh2 Rxb7 38. Qxb7 Bf8 39. Ncb3 Bxb3 40. Nxb3 Qxf2 41. Qb4 e4 42. Qd4 e3 43. Na5 Nh5 44. Nc4 Qxg3+ 0-1

[Event "*** Titled Tuesday Blitz"]
[Site "Chess.com"]
[Date "2018.07.03"]
[Round "3"]
[White "dinesh501"]
[Black "Rickstereo"]
[Result "1-0"]
[WhiteElo "1980"]
[BlackElo "2166"]
[TimeControl "180+2"]
[EndTime "13:34:58 PDT"]
[Termination "dinesh501 won by resignation"]

1. e4 e6 2. d4 d5 3. Nc3 Nf6 4. e5 Nfd7 5. Qg4 c5 6. dxc5 Nxe5 7. Qg3 Nbc6 8. Nb5 Bxc5 9. Bf4 Qa5+ 10. c3 a6 11.
Bxe5 axb5 12. Qxg7 Rf8 13. Nf3 b4 14. Bd3 Bd7 15. O-O O-O-O 16. a3 b3 17. Nd4 Rg8 18. Qf6 Nxe5 19. Qxe5 Qb6 20. Bxh7 Rg4 21. h3 Rh4 22. Bd3 Rg8 23. Kh1 Bd6 24. Qe3 Bb8 25. Nf5 exf5 26. Qxb6 1-0

[Event "*** Titled Tuesday Blitz"]
[Site "Chess.com"]
[Date "2018.07.03"]
[Round "3"]
[White "racquetball1"]
[Black "51616516516"]
[Result "0-1"]
[WhiteElo "2046"]
[BlackElo "2219"]
[TimeControl "180+2"]
[EndTime "13:34:58 PDT"]
[Termination "51616516516 won by checkmate"]

1. e4 c5 2. Nc3 g6 3. f4 Bg7 4. Nf3 e6 5. g3 Nc6 6. Bg2 Nge7 7. O-O O-O 8. d3 d5 9. e5 Nf5 10. Ne2 b5 11. c3 Bb7 12. Qe1 h5 13. h3 d4 14. cxd4 Ncxd4 15. Nexd4 Nxd4 16. Qf2 Nxf3+ 17. Bxf3 Bxf3 18. Qxf3 Qd4+ 19. Be3 Qxb2 20. Bxc5 Rfd8 21. d4 Rd5 22. Rfb1 Qd2 23. Rxb5 Rc8 24. a4 Rdxc5 25. dxc5 Qd4+ 26. Kg2 Qxa1 27. Qb3 Kh7 28. h4 Rd8 29. Rb7 Rd2+ 30. Kf3 Qf1+ 31. Ke3 Qf2+ 32. Ke4 Rd4# 0-1

[Event "*** Titled Tuesday Blitz"]
[Site "Chess.com"]
[Date "2018.07.03"]
[Round "3"]
[White "moro182"]
[Black "FairChess_on_YouTube"]
[Result "1-0"]
[WhiteElo "2620"]
[BlackElo "2915"]
[TimeControl "180+2"]
[EndTime "13:35:00 PDT"]
[Termination "moro182 won by resignation"]

1. d4 d5 2. Bf4 Nf6 3. e3 g6 4. Nc3 Bg7 5. Nb5 Na6 6. h3 c6 7. Nc3 Qa5 8. a3 Ne4 9. Ne2 c5 10. f3 Nxc3 11. Nxc3 O-O 12. Be2 Rd8 13. Qd2 Nc7 14.
dxc5 e5 15. b4 exf4 16. bxa5 fxe3 17. Qxe3 d4 18. Qd2 Bf5 19. Ne4 d3 20. Rd1 Nb5 21. O-O Bxe4 22. fxe4 Bd4+ 23. Kh1 dxe2 24. Qxe2 Nc3 25.
Qc4 Nxd1 26. Qxf7+ Kh8 27. Rxd1 Be5 28. Rxd8+ Rxd8 29. g4 Rc8 30. Qe6 Rxc5 31. Qe8+ 1-0

[Event "*** Titled Tuesday Blitz"]
[Site "Chess.com"]
[Date "2018.07.03"]
[Round "3"]
[White "Caterpiller35"]
[Black "IamSchrodingersCat"]
[Result "1-0"]
[WhiteElo "2289"]
[BlackElo "2390"]
[TimeControl "180+2"]
[EndTime "13:35:00 PDT"]
[Termination "Caterpiller35 won on time"]

1. d4 Nf6 2. Bf4 e6 3. e3 Bd6 4. Bg3 Bxg3 5. hxg3 b6 6. Bd3 Bb7 7. Nf3 d6 8. c4 Nbd7 9. Nc3 h6 10. Qc2 e5 11.
O-O-O Qe7 12. Ne4 O-O-O 13. d5 g6 14. Nxf6 Nxf6 15. e4 Ng4 16. b4 h5 17. Kb1 Kb8 18. Rc1 Rc8 19. Ka1 Ka8 20. Nh2 Nxh2 21. Rxh2 c6 22.
dxc6 Rxc6 23. Rhh1 Rhc8 24. Qb2 R6c7 25. Rhd1 Qe6 26. Re1 Ba6 27. b5 Bb7 28. Rcd1 1-0

[Event "*** Titled Tuesday Blitz"]
[Site "Chess.com"]
[Date "2018.07.03"]
[Round "3"]
[White "timator"]
[Black "Drags95"]
[Result "1-0"]
[WhiteElo "2351"]
[BlackElo "2599"]
[TimeControl "180+2"]
[EndTime "13:35:02 PDT"]
[Termination "timator won by resignation"]

1. Nf3 Nf6 2. g3 g6 3. Bg2 Bg7 4. O-O O-O 5. d4 d6 6. c4 Nc6 7. Nc3 Bg4 8. h3 Bxf3 9. Bxf3 e5 10. Bxc6 bxc6 11. dxe5 dxe5 12. Bg5 h6 13. Qxd8 Rfxd8 14. Bxf6 Bxf6 15. Rad1 Be7 16. Rxd8+ Rxd8 17. Rd1 Rd6 18.
Rxd6 cxd6 19. e4 f5 20. f3 Kf7 21. Kf2 Ke6 22. Ke3 Bd8 23. g4 Bb6+ 24. Kd3 f4 25. b4 Kf6 26. b5 c5 27. Nd5+ Ke6 28. Ke2 Ba5 29. Kf2 Bd8 30. Kg2 Ba5 31. h4 Bd8 32.
Kh3 Ba5 33. h5 g5 34. Kg2 Bd8 35. Kf1 Ba5 36. Ke2 Bd8 37. Kd3 Ba5 38. Kc2 Bd8 39.
Kb3 Kd7 40. Ka4 Kc8 41. b6 Bxb6 42. Ne7+ Kd7 43. Nf5 Ke6 44. Nxh6 1-0

[Event "*** Titled Tuesday Blitz"]
[Site "Chess.com"]
[Date "2018.07.03"]
[Round "3"]
[White "Kimster98"]
[Black "joppie2"]
[Result "0-1"]
[WhiteElo "2497"]
[BlackElo "2719"]
[TimeControl "180+2"]
[EndTime "13:35:11 PDT"]
[Termination "joppie2 won by resignation"]

1. d4 e6 2. Nf3 c5 3. c4 cxd4 4. Nxd4 Nc6 5. Nc3 Nf6 6. a3 Bc5 7. Nb3 Be7 8. e4 b6 9. Be2 Bb7 10. Bf4 d6 11. O-O Ne5 12. Nd2 O-O 13. Rc1 a6 14.
Be3 Rc8 15. f4 Ned7 16. b4 Re8 17. g4 h6 18. h4 Nh7 19. g5 hxg5 20. hxg5 e5 21.
g6 fxg6 22. Bg4 exf4 23. Bxf4 Bg5 24. Qf3 Rf8 25. Qe3 Rxf4 26. Rxf4 Qe7 27. Rcf1 Nhf6 28. Qh3 Nxg4 29. Qxg4 Ne5 30. Qh3 Bxf4 31. Rxf4 Qg5+ 32. Kh1 Qxf4 33. Qe6+ Kh7 34. Qh3+ Qh6 35. Qxh6+ Kxh6 0-1

[Event "*** Titled Tuesday Blitz"]
[Site "Chess.com"]
[Date "2018.07.03"]
[Round "3"]
[White "nitpicker"]
[Black "ama18"]
[Result "0-1"]
[WhiteElo "2108"]
[BlackElo "2274"]
[TimeControl "180+2"]
[EndTime "13:35:11 PDT"]
[Termination "ama18 won on time"]

1. d4 Nf6 2. Nf3 g6 3. b4 Bg7 4. Nbd2 d5 5. e3 O-O 6. c4 c6 7.
Bb2 Nbd7 8. a4 a5 9. b5 c5 10.
Rc1 cxd4 11. Bxd4 Re8 12. cxd5 Nxd5 13. Bxg7 Kxg7 14. Bc4 N7b6 15. Bb3 Nb4 16. O-O Bg4 17. h3 Bxf3 18. Nxf3 Rc8 19. Qd4+ Qxd4 20. Nxd4 e5 21. Nf3 Nd3 22. Rb1 Rc3 23. Rfd1 Nc5 24. Ba2 Ra3 25. Bd5 Nbxa4 26. Ng5 Nc3 27. Rbc1 f6 0-1

[Event "*** Titled Tuesday Blitz"]
[Site "Chess.com"]
[Date "2018.07.03"]
[Round "3"]
[White "Orest_Vovk"]
[Black "Bauxi435"]
[Result "0-1"]
[WhiteElo "2226"]
[BlackElo "2432"]
[TimeControl "180+2"]
[EndTime "13:35:11 PDT"]
[Termination "Bauxi435 won by checkmate"]

1. g4 c6 2. Bg2 d5 3. h3 h5 4.
g5 e5 5. d4 e4 6. c4 Be6 7. Nc3 Ne7 8. Qb3 Qc8 9. Bf4 Nd7 10.
Bd6 Nf5 11. Bxf8 Kxf8 12. e3 Nh4 13. Bf1 Nb6 14. cxd5 cxd5 15. Rc1 Qd8 16. a4 Qxg5 17. a5 Nd7 18. Qxb7 Rb8 19. Qc7 Ke7 20. Nb5 Rhc8 21. Qd6+ Kf6 22. Rxc8 Rxc8 23. Nc7 Nf5 24. Nxd5+ Kg6 25. Nf4+ Kh7 26. Nxe6 fxe6 27. Qxd7 Rc1+ 28. Ke2 Ng3+ 29. fxg3 Qxg3 30. Nf3 Qxf3+ 31. Kd2 Qd1# 0-1

[Event "*** Titled Tuesday Blitz"]
[Site "Chess.com"]
[Date "2018.07.03"]
[Round "3"]
[White "kleinebeer98"]
[Black "TenisMaster"]
[Result "0-1"]
[WhiteElo "2459"]
[BlackElo "2751"]
[TimeControl "180+2"]
[EndTime "13:35:17 PDT"]
[Termination "TenisMaster won by resignation"]

1. e4 e5 2. Nf3 Nc6 3. Nc3 Nf6 4. a3 d5 5. Bb5 d4 6. Ne2 Bd6 7. Bxc6+ bxc6 8. d3 h5 9. Bg5 Bg4 10. Nc1 Rb8 11.
Nb3 c5 12. Rb1 c4 13. dxc4 c5 14. h3 Be6 15. Nbd2 Rb6 16. b3 Bd7 17. O-O a5 18. a4 Bc7 19. Ne1 Qc8 20. Nd3 Nh7 21. Bh4 Rg6 22.
Kh2 Bd6 23. Nf3 f6 24. Qd2 Qc7 25. Bg3 Rh6 26. c3 dxc3 27. Qxc3 g5 28. h4 Rg6 29. Rbd1 Rhg8 30. hxg5 Nxg5 31. Nxg5 Rxg5 32. Rg1 Rg4 33. Ne1 h4 0-1

[Event "*** Titled Tuesday Blitz"]
[Site "Chess.com"]
[Date "2018.07.03"]
[Round "3"]
[White "kuli4ik"]
[Black "SergeiAza"]
[Result "1/2-1/2"]
[WhiteElo "2748"]
[BlackElo "2687"]
[TimeControl "180+2"]
[EndTime "13:35:19 PDT"]
[Termination "Game drawn by agreement"]

1. d4 d5 2. Nf3 Nf6 3. Bf4 g6 4. h3 Bg7 5. e3 O-O 6. Be2 c5 7. c3 Nc6 8. O-O b6 9. Qa4 Bb7 10. Ba6 Qc8 11. Bxb7 Qxb7 12. Rd1 Rfc8 13. Nbd2 b5 14. Qb3 cxd4 15. cxd4 e6 16. Rdc1 Na5 17. Qd1 Nc4 18. Rc2 Rc6 19. Rac1 Rac8 20. Ne5 Nxe5 21.
Bxe5 Nd7 22. Bxg7 Kxg7 23. Nb3 Qa6 24. Nc5 Nxc5 25. Rxc5 Rxc5 26. Rxc5 Rxc5 27. dxc5 Qc6 28. Qd4+ f6 29. b4 e5 30. Qc3 Kf7 31. Qb3 Ke7 32.
Kf1 a6 33. e4 d4 34. f3 Qe6 35.
Qd5 Qxd5 36. exd5 f5 37. Ke2 1/2-1/2

[Event "*** Titled Tuesday Blitz"]
[Site "Chess.com"]
[Date "2018.07.03"]
[Round "3"]
[White "lupta_robin"]
[Black "evgenysharapov"]
[Result "0-1"]
[WhiteElo "2554"]
[BlackElo "2405"]
[TimeControl "180+2"]
[EndTime "13:35:29 PDT"]
[Termination "evgenysharapov won by resignation"]

1. e4 c5 2. Nf3 d6 3. d4 cxd4 4. Nxd4 Nf6 5. Nc3 Nc6 6. Bg5 Qb6 7. Nb3 e6 8. Qd2 Be7 9. O-O-O O-O 10. f4 Rd8 11. f5 a5 12. fxe6 Bxe6 13. Nd5 Bxd5 14. exd5 a4 15. Nd4 Ne4 16. Bxe7 Nxd2 17. Bxd8 Rxd8 18.
dxc6 Nxf1 19. c7 Qxc7 20. Rhxf1 a3 21. Rf3 axb2+ 22. Kxb2 Ra8 23. Rb3 Qc5 24. a3 g6 25.
g3 Ra6 26. Rdd3 Rb6 27. Rxb6 Qxb6+ 28. Nb3 Qf2 29. Rd2 Qf6+ 30. Nd4 Qe5 31. Kb3 h5 32. Rd3 h4 33. a4 h3 34. Nf3 Qe2 35. Kc3 f6 36. g4 f5 37. gxf5 gxf5 38. Kb3 f4 39. Kc3 Kg7 40. Ng5 Qe5+ 0-1